 Dungeon Crawl Stone Soup version 0.27.0-66-gdc8fb28755 (webtiles) character file.

Game seed: 3287057231447781294

210 ZARRMARR the Vexing (level 5, -7/41 HPs)
             Began as a Gnoll Arcane Marksman on Aug 20, 2021.
             Mangled by a wyvern zombie (11 damage)
             ... on level 6 of the Dungeon on Aug 21, 2021.
             The game lasted 00:15:20 (3590 turns).

ZARRMARR the Vexing (Gnoll Arcane Marksman)         Turns: 3590, Time: 00:15:21

Health: -7/41      AC:  4    Str:  9    XL:     5   Next: 87%
Magic:  9/9        EV: 13    Int: 14    God:
Gold:   148        SH:  0    Dex: 12    Spells: 9/10 levels left

rFire    . . .     SeeInvis .   a - +1 shortbow (freeze)
rCold    . . .     Faith    .   (shield currently unavailable)
rNeg     . . .     Spirit   .   d - +0 robe
rPois    .         Reflect  .   h - +2 hat
rElec    .         Harm     .   (no cloak)
rCorr    .         Rampage  .   (no gloves)
Will     .....                  (no boots)
Stlth    ++........             (no amulet)
HPRegen  0.13/turn              (no ring)
MPRegen  0.11/turn              (no ring)

@: no status effects
A: fangs 1, strong nose, distributed training
a: no special abilities


You were on level 6 of the Dungeon.
You visited 1 branch of the dungeon, and saw 5 of its levels.

You collected 148 gold pieces.

Inventory:

Hand Weapons
 a - a +1 shortbow of freezing (weapon)
Armour
 d - a +0 robe (worn)
 h - a +2 hat (worn)
Scrolls
 b - 3 scrolls of amnesia
 g - a scroll of enchant weapon
Potions
 f - 3 potions of haste
 i - a potion of mutation
 k - a potion of ambrosia {unknown}
 l - a potion of might {unknown}


   Skills:
 + Level 3.1 Fighting
 + Level 1.6 Short Blades
 + Level 1.6 Long Blades
 + Level 1.6 Axes
 + Level 1.6 Maces & Flails
 + Level 1.6 Polearms
 + Level 1.6 Staves
 + Level 1.6 Slings
 + Level 4.8 Bows
 + Level 1.6 Crossbows
 + Level 1.6 Throwing
 + Level 1.6 Armour
 + Level 4.8 Dodging
 + Level 1.6 Stealth
 + Level 1.6 Shields
 + Level 1.6 Unarmed Combat
 + Level 3.2 Spellcasting
 + Level 1.3 Conjurations
 + Level 5.6 Hexes
 + Level 1.3 Summonings
 + Level 1.3 Necromancy
 + Level 1.3 Translocations
 + Level 1.3 Transmutations
 + Level 1.3 Fire Magic
 + Level 1.3 Ice Magic
 + Level 1.3 Air Magic
 + Level 1.3 Earth Magic
 + Level 1.3 Poison Magic
 + Level 1.9 Invocations
 + Level 1.6 Evocations


You had 9 spell levels left.
You knew the following spells:

 Your Spells              Type           Power      Damage    Failure   Level
a - Corona                Hex            20%        N/A       1%          1

Your spell library contained the following spells:

 Spells                   Type           Power      Damage    Failure   Level
 Slow                     Hex            18%        N/A       3%          2
 Inner Flame              Hex/Fire       12%        N/A       16%         3
 Portal Projectile        Hex/Tloc       24%        N/A       16%         3
 Corpse Rot               Necr/Air       N/A        N/A       19%         2
 Poisonous Vapours        Pois/Air       12%        N/A       19%         2
 Cause Fear               Hex            9%         N/A       21%         4
 Conjure Flame            Conj/Fire      6%         6-21      36%         3
 Ignite Poison            Fire/Tmut/Pois 6%         N/A       36%         3
 Sticky Flame             Conj/Fire      6%         2d3       77%         4
 Freezing Cloud           Conj/Ice/Air   3%         6-21      98%         5


Dungeon Overview and Level Annotations

Branches:
Dungeon (4/15)
 Temple: D:4-7

Altars:
Makhleb
Sif Muna
Vehumet

Shops:
D:3 (

Annotations:
D:6 Grinder


Innate Abilities, Weirdness & Mutations

You have very sharp teeth.
Your uncanny sense of smell can sniff out nearby items.
Your experience applies equally to all skills.


Message History

Found a scroll labelled GENAH LEESEI.
Throw: 2 javelins
Press: ? - help, Q - select action, (/) - cycle Shift-Dir - straight line, f - wyvern zombie
Aim: a wyvern zombie (dormant, 98% to hit)
You throw a javelin.
The javelin pierces through the wyvern zombie but does no damage.
Unknown command.
Grinder comes into view.
Casting: Corona (safe; 1% risk of failure)
Confirm with . or Enter, or press ? or * to list all spells.
Aiming: Corona (safe; 1% risk of failure)
Press: ? - help, Shift-Dir - straight line, f/p - wyvern zombie
Aim: a wyvern zombie (chance to affect: 68%)
The wyvern zombie is outlined in light.
Grinder shouts!
The wyvern zombie barely misses you.
Throw: javelin
Press: ? - help, Q - select action, (/) - cycle Shift-Dir - straight line, f/p - wyvern zombie
Aim: a wyvern zombie (softly glowing, 97% to hit)
You throw a javelin.
The javelin pierces through the wyvern zombie but does no damage.
The wyvern zombie bites you! x2
Unknown command.
Unknown command.
Unknown command.
You clumsily bash the wyvern zombie but do no damage.
You bite the wyvern zombie, but do no damage.
The wyvern zombie completely misses you.
The wyvern zombie misses you.
You clumsily bash the wyvern zombie but do no damage.
The wyvern zombie closely misses you.
Grinder blinks!
The wyvern zombie closely misses you.
You clumsily bash the wyvern zombie but do no damage.
You bite the wyvern zombie, but do no damage.
The wyvern zombie closely misses you. The wyvern zombie misses you.
You clumsily bash the wyvern zombie but do no damage.
The wyvern zombie stops glowing.
The wyvern zombie bites you!
* * * LOW HITPOINT WARNING * * *
The wyvern zombie bites you!
You die...

... #....#......
...##....#....[.
?.......##....#
........##....####
..................
...(.............
#.........#
...##.........#
.......@#######
.......Z#
.........
...##..... ..
#...... . ........
......(...
............


You could see a wyvern zombie.

Vanquished Creatures
  A jelly (D:4)
  Jessica (D:3)
  3 adders (D:3)
  4 gnolls (D:4)
  An adder skeleton (D:4)
  3 worms
  3 dart slugs
  6 ball pythons
  6 endoplasms
  4 giant cockroaches
  4 hobgoblins
  12 jackals
  4 kobolds
  4 bats
  3 frilled lizards
  6 goblins
  6 rats
71 creatures vanquished.

Notes
Turn   | Place    | Note
-------+----------+-------------------------------------------
     0 | D:1      | ZARRMARR the Gnoll Arcane Marksman began the quest for the
                  | Orb.
     0 | D:1      | Reached XP level 1. HP: 17/17 MP: 4/4
   515 | D:1      | Reached XP level 2. HP: 23/23 MP: 3/5
  1113 | D:1      | Reached XP level 3. HP: 25/28 MP: 5/7
  1412 | D:2      | Reached skill level 1 in Invocations
  1686 | D:2      | You fall into a shaft and drop 2 floors!
  1704 | D:4      | Reached skill level 1 in Short Blades
  1704 | D:4      | Reached skill level 1 in Long Blades
  1704 | D:4      | Reached skill level 1 in Axes
  1704 | D:4      | Reached skill level 1 in Maces & Flails
  1704 | D:4      | Reached skill level 1 in Polearms
  1704 | D:4      | Reached skill level 1 in Staves
  1704 | D:4      | Reached skill level 1 in Slings
  1704 | D:4      | Reached skill level 1 in Crossbows
  1704 | D:4      | Reached skill level 1 in Throwing
  1704 | D:4      | Reached skill level 1 in Armour
  1704 | D:4      | Reached skill level 1 in Stealth
  1704 | D:4      | Reached skill level 1 in Shields
  1704 | D:4      | Reached skill level 1 in Unarmed Combat
  1704 | D:4      | Reached skill level 1 in Evocations
  1704 | D:4      | Reached XP level 4. HP: 34/34 MP: 8/8
  1848 | D:4      | Reached skill level 1 in Conjurations
  1848 | D:4      | Reached skill level 1 in Summonings
  1848 | D:4      | Reached skill level 1 in Necromancy
  1848 | D:4      | Reached skill level 1 in Translocations
  1848 | D:4      | Reached skill level 1 in Transmutations
  1848 | D:4      | Reached skill level 1 in Fire Magic
  1848 | D:4      | Reached skill level 1 in Ice Magic
  1848 | D:4      | Reached skill level 1 in Air Magic
  1848 | D:4      | Reached skill level 1 in Earth Magic
  1848 | D:4      | Reached skill level 1 in Poison Magic
  1867 | D:4      | Reached XP level 5. HP: 29/40 MP: 9/9
  2423 | D:3      | Found Qidivvant's Weapon Shop.
  2686 | D:3      | Found a burning altar of Makhleb.
  2825 | D:3      | Noticed Jessica
  2831 | D:3      | Killed Jessica
  2837 | D:3      | Found a shimmering blue altar of Sif Muna.
  2922 | D:3      | Found a radiant altar of Vehumet.
  3558 | D:4      | You fall into a shaft and drop 2 floors!
  3584 | D:6      | Noticed Grinder
  3590 | D:6      | Mangled by a wyvern zombie

Illustrated notes

Levels and vault maps discovered:
D:1:      dpeg_cavernosity, layout_basic, minmay_pentomino_r4
D:2:      layout_loops_ring, serial_glass, glass_columns_b, glass_columns_b
D:3:      layout_basic, nicolae_vehumet_altar_sigil,
          mainiacjoe_overflow_24_doors, tgw_sif, serial_shops,
          nicolae_shop_trees, chequers_serial_rivers_room_a
D:4:      layout_basic, pdpol_wu_jian_five_deadly_venoms
D:6:      layout_gridville, uniq_eustachio, uniq_grinder

Skill      XL: |  1  2  3  4  5 |
---------------+----------------+-----
Invocations    | 1 |  1.9
Short Blades   | 1 |  1.6
Long Blades    | 1 |  1.6
Axes           | 1 |  1.6
Maces & Flails | 1 |  1.6
Polearms       | 1 |  1.6
Staves         | 1 |  1.6
Slings         | 1 |  1.6
Crossbows      | 1 |  1.6
Throwing       | 1 |  1.6
Armour         | 1 |  1.6
Stealth        | 1 |  1.6
Shields        | 1 |  1.6
Unarmed Combat | 1 |  1.6
Spellcasting   | 3 |  3.2
Evocations     | 1 |  1.6
Conjurations   | 1 |  1.3
Summonings     | 1 |  1.3
Necromancy     | 1 |  1.3
Translocations | 1 |  1.3
Transmutations | 1 |  1.3
Fire Magic     | 1 |  1.3
Ice Magic      | 1 |  1.3
Air Magic      | 1 |  1.3
Earth Magic    | 1 |  1.3
Poison Magic   | 1 |  1.3
Fighting       | 3 |  3.1
Bows           | |  4.8
Dodging        | |  4.8
Hexes          | |  5.6

Action                   |  1- 3 |  4- 6 || total
-------------------------+-------+-------++-------
Melee: Shortbow          |       |    16 ||    16
       Bite              |       |     4 ||     4
 Fire: Shortbow          |    95 |   139 ||   234
Throw: Javelin           |       |    12 ||    12
 Cast: Corona            |    20 |    10 ||    30
  Use: Scroll            |     3 |     3 ||     6
Armor: Robe              |     5 |    18 ||    23
Dodge: Dodged            |    25 |    79 ||   104
